Map: Orbital Shipyard

Players

IIII - Winner!

  • Race: Terran Terran
  • League: Grandmaster

Javert

  • Race: Zerg Zerg
  • League: Grandmaster

VOD

Have the link to the VOD?

Description

Time

  • Played on: Sept. 18, 2015, 4:15 p.m.
  • Length: 11:58
Show
View Real Time Build Order
Export as new Build Order

IIII Terran - Winner!

Build Orders: MMM Bio 

Get SALT Encoding   

  12  0:02  SCV  
  13  0:14  SCV  
  14  0:23  Supply Depot  
  14  0:26  SCV  
  15  0:45  SCV  
  16  0:52  Barracks  
  16  0:57  SCV  
  17  1:09  SCV  
  18  1:16  Command Center  
  18  1:21  SCV  
  19  1:33  Supply Depot  
  19  1:41  Orbital Command  
  19  1:45  Marine  
  20  1:54  Refinery  
  20  2:02  Refinery, Marine  
  22  2:08  SCV  
  22  2:20  SCV  
  23  2:30  Barracks  
  23  2:31  Barracks  
  23  2:39  SCV  
  23  2:41  Orbital Command  
  24  2:45  Supply Depot  
  24  2:49  Supply Depot  
  24  2:51  Marine  
  25  3:01  SCV, Factory  
  26  3:07  SCV  
  26  3:08  Marine  
  28  3:19  SCV x2  
  29  3:26  Barracks Tech Lab x2  
  29  3:31  SCV x2  
  31  3:37  Barracks Reactor  
  31  3:43  SCV  
  31  3:44  SCV  
  33  3:51  Marine x2  
  33  3:55  SCV, Stimpack  
  36  3:56  SCV  
  37  4:03  Supply Depot  
  37  4:07  SCV  
  37  4:08  SCV  
  39  4:10  Factory Reactor  
  39  4:19  SCV, Starport  
  39  4:20  SCV  
  41  4:25  Barracks  
  41  4:27  Barracks  
  41  4:31  SCV  
  41  4:33  SCV  
  41  4:34  Barracks  
  41  4:36  Combat Shields  
  43  4:43  SCV  
  44  4:45  SCV  
  44  4:50  Bunker  
  45  4:55  SCV  
  46  5:17  SCV x2  
  46  5:19  Medivac  
  52  5:22  Factory Reactor  
  52  5:26  Medivac  
  52  5:29  SCV x2  
  52  5:31  Refinery  
  52  5:33  Refinery  
  54  5:41  SCV x2  
  54  5:42  Barracks Tech Lab  
  56  5:43  Barracks Reactor  
  56  5:44  Marine x5  
  61  5:53  SCV  
  62  5:58  Armory  
  62  6:00  Marine  
  62  6:02  Marine x5  
  62  6:03  Command Center, Hellion  
  70  6:10  Supply Depot  
  70  6:12  Supply Depot x2  
  70  6:14  Supply Depot  
  70  6:15  Supply Depot  
  70  6:31  Hellion, Medivac, Marine x3  
  77  6:54  Widow Mine x2  
  79  7:11  Barracks Reactor  
  79  7:12  Marine x7  
  86  7:16  Orbital Command  
  86  7:17  Medivac x2  
  90  7:22  Widow Mine  
  90  7:23  SCV x2, Widow Mine  
  90  7:29  Marine x2  
  96  7:30  Marine x5  
  96  7:35  SCV  
  84  7:47  Marine x2, Medivac  
  84  7:48  Marine x5  
  89  7:52  Hellion x2  
  89  7:56  Marine x2  
  95  8:05  Marine x4  
  93  8:06  Marine x3  
  100  8:13  Marine  
  100  8:14  Marine  
  100  8:16  Medivac  
  100  8:17  Medivac  
  100  8:18  Widow Mine x2  
  110  8:23  Marine x7  
  117  8:31  Marine  
  117  8:32  Command Center, Marine  
  117  8:33  Orbital Command  
  119  8:41  Marine x6  
  120  8:42  Engineering Bay  
  120  8:43  Engineering Bay  
  120  8:46  Widow Mine x2  
  120  8:47  Medivac, Marine  
  120  8:48  Supply Depot  
  132  8:49  Supply Depot, Marine x2  
  132  8:50  Supply Depot  
  132  8:51  Supply Depot x2  
  134  8:58  Marine  
  134  8:59  Marine x3  
  134  9:00  SCV x2  
  138  9:15  Widow Mine x2  
  120  9:25  Marine x3  
  120  9:26  Marine x6  
  111  9:43  Widow Mine x2, Marine x4  
  111  9:44  Marine x5  
  118  10:01  Marine x5  
  118  10:02  Marauder x3, Marine  
  128  10:12  Widow Mine x2  
  130  10:19  Marine x6  
  133  10:23  Marine x3  
  135  10:36  Marine  
  135  10:37  Marine x5  
  135  10:40  Widow Mine  
  135  10:41  Marine x3  
  138  10:54  Marine x3  
  138  10:55  Marine x3  
  140  10:59  Marine x3  
  142  11:12  Marine x4  
  142  11:13  Marine  
  142  11:18  Marine x4  
  128  11:28  Orbital Command  
  128  11:30  Marine x5  
  133  11:36  Marine x4  
Show
View Real Time Build Order
Export as new Build Order

Javert Zerg 

Build Orders: Hatch First 

Get SALT Encoding   

  12  0:01  Drone  
  13  0:16  Overlord  
  13  0:18  Drone  
  14  0:34  Drone x2  
  16  0:38  Drone  
  17  0:52  Hatchery  
  16  0:57  Drone  
  16  0:59  Extractor  
  16  1:02  Drone  
  17  1:12  Drone  
  18  1:24  Spawning Pool  
  18  1:25  Drone  
  18  1:32  Drone  
  19  1:42  Drone  
  20  1:54  Drone  
  21  2:11  Queen x2  
  21  2:12  Overlord  
  21  2:13  Metabolic Boost  
  21  2:15  Zergling x6  
  28  2:46  Hatchery  
  27  2:53  Queen  
  27  2:56  Drone x4  
  33  3:00  Overlord  
  33  3:10  Drone x3  
  35  3:20  Drone x4  
  35  3:24  Drone  
  40  3:37  Overlord x2  
  40  3:46  Drone x3  
  43  3:54  Overlord  
  43  4:00  Zergling x2  
  43  4:01  Zergling x18  
  53  4:18  Drone x3  
  53  4:19  Drone x2, Baneling Nest  
  53  4:23  Overlord  
  57  4:26  Burrow  
  57  4:30  Overlord  
  57  4:32  Drone x5  
  57  4:33  Drone x2  
  64  4:45  Drone x2  
  64  4:46  Drone x3  
  64  4:49  Lair  
  64  4:51  Extractor  
  64  4:52  Overlord, Extractor  
  67  5:03  Overlord x3  
  67  5:08  Drone x4  
  67  5:09  Drone x5  
  76  5:14  Baneling  
  76  5:15  Baneling x6  
  76  5:25  Evolution Chamber  
  76  5:27  Extractor x2  
  73  5:31  Drone x2  
  73  5:32  Drone x2  
  77  5:37  Extractor  
  76  5:44  Drone x2, Overlord  
  78  5:50  Centrifical Hooks  
  78  5:52  Queen  
  80  5:59  Spine Crawler, Overseer  
  80  6:01  Drone  
  80  6:02  Drone x4  
  84  6:07  Zerg Ground Armor Level 1  
  84  6:08  Evolution Chamber  
  84  6:09  Overlord x2  
  83  6:11  Overseer  
  83  6:16  Drone x5  
  83  6:17  Drone  
  90  6:18  Drone x3  
  90  6:19  Drone x4  
  90  6:21  Drone x2  
  98  6:36  Zergling x2  
  98  6:37  Zergling x12  
  105  6:45  Zergling x2  
  105  6:46  Zergling x8  
  106  7:07  Zergling x24  
  115  7:12  Baneling  
  115  7:13  Baneling x8  
  115  7:15  Overlord x2  
  115  7:17  Overlord  
  115  7:35  Overlord  
  109  7:39  Overlord x2  
  109  7:40  Drone x3  
  109  7:41  Overlord  
  112  7:45  Infestation Pit  
  112  7:51  Zergling x8  
  103  8:05  Zergling x12  
  103  8:07  Overseer x2  
  103  8:08  Overseer x2  
  103  8:10  Pneumatized Carapace  
  103  8:23  Hatchery  
  103  8:24  Zergling x2  
  103  8:25  Zergling x14  
  110  8:27  Baneling x2  
  110  8:28  Baneling x16  
  110  8:45  Zergling x2  
  110  8:46  Zergling x14  
  113  9:15  Zergling x20  
  113  9:16  Zergling x6  
  107  9:23  Zergling x8  
  98  9:53  Overseer x4  
  98  9:59  Zergling x2  
  99  10:00  Zergling x34  
  110  10:19  Baneling  
  110  10:20  Baneling x3  
  106  10:22  Baneling  
  106  10:23  Baneling x13  
  106  10:24  Baneling  
  104  10:30  Hive  
  104  10:42  Zergling x12  
  100  10:43  Zergling x8  
  100  10:45  Overseer x3  
  104  10:53  Zergling x20  
  104  10:54  Zergling x4  
  114  10:58  Queen x2  
  95  11:24  Zergling x2  
  95  11:25  Zergling x26  
  104  11:32  Zergling x2  
  105  11:33  Zergling x24  
Tags
 
Add a new tag
Caveats
  • Supply blocks, unpowered buildings, or Contaminate may cause inaccurate times.
  • Supply counts are checked every 10 seconds.